 Dungeon Crawl Stone Soup version 0.30-a0-728-gc68057be0a (webtiles) character file.

Game seed: 13938888258683560608

193 CoinPitGoblin the Shooter (level 5, 0/42 HPs)
             Began as a Demigod Hunter on Jan 30, 2023.
             Killed from afar by an orc wizard (9 damage)
             ... with a magic dart
             ... on level 3 of the Dungeon.
             The game lasted 00:05:47 (2537 turns).

CoinPitGoblin the Shooter (Demigod Hunter)          Turns: 2537, Time: 00:05:48

Health: 0/42       AC:  4    Str: 12    XL:     5   Next: 20%
Magic:  7/7        EV: 12    Int: 11    God:
Gold:   157        SH:  0    Dex: 21    Spells: 4/4 levels left

rFire   . . .      SeeInvis .    a - +0 shortbow
rCold   . . .      Faith    .    (shield currently unavailable)
rNeg    + . .      Spirit   .    c - +0 leather armour
rPois   .          Reflect  .    (no helmet)
rElec   .          Harm     .    (no cloak)
rCorr   .          Rampage  .    e - +0 pair of gloves
Will    .....                    (no boots)
Stlth   +                        (no amulet)
HPRegen 0.27/turn                d - ring of positive energy
MPRegen 0.10/turn                (no ring)

@: confused
A: high MP 1, forlorn, divine attributes
a: no special abilities


You were on level 3 of the Dungeon.
You visited 1 branch of the dungeon, and saw 3 of its levels.
You also visited: Sewer.

You collected 157 gold pieces.

Inventory:

Hand Weapons
 a - a +0 shortbow (weapon)
 j - a +1 short sword of holy wrath
Missiles
 h - 8 poisoned darts
Armour
 c - a +0 leather armour (worn)
 e - a +0 pair of gloves (worn)
 f - a +0 kite shield
Jewellery
 d - a ring of positive energy (left hand)
Scrolls
 b - 2 scrolls of immolation
 g - 2 scrolls of identify {unknown}
 k - 2 scrolls of blinking {unknown}
 p - a scroll of vulnerability {unknown}
Potions
 i - a potion of magic {unknown}
 l - 2 potions of might {unknown}
 m - 3 potions of heal wounds {unknown}
 n - a potion of cancellation {unknown}
 o - 2 potions of mutation {unknown}


   Skills:
 + Level 2.7 Fighting
 + Level 5.5 Ranged Weapons
 + Level 0.4 Armour
 + Level 2.1 Dodging
 - Level 0.8 Stealth


You had 4 spell levels left.
You didn't know any spells.
Your spell library contained the following spells:

 Spells                   Type           Power      Damage    Failure   Level
 Magic Dart               Conj           0%         1d3       41%         1
 Call Imp                 Summ           0%         N/A       56%         2
 Gell's Gravitas          Tloc           0%         N/A       80%         3
 Mephitic Cloud           Conj/Pois/Air  0%         N/A       80%         3
 Teleport Other           Tloc           0%         N/A       80%         3
 Dispersal                Tloc           0%         N/A       100%        6
 Malign Gateway           Summ/Tloc      0%         N/A       100%        7
 Summon Horrible Things   Summ           0%         N/A       100%        8


Dungeon Overview and Level Annotations

Branches:
Dungeon (3/15)              Sewer (visited)

Shops:
D:1 :

Annotations:
D:3 Robin


Innate Abilities, Weirdness & Mutations

You have an increased reservoir of magic. (+10% MP)
You shall have no god before yourself.
Your divine heritage dramatically boosts your attributes as you level up.


Message History

The arrow closely misses the orc wizard.
The orc wizard points at you and mumbles some strange words.
The puff of flame hits you! The orc priest barely misses you.
You shoot an arrow.
The arrow closely misses the orc wizard.
The orc wizard hits you but does no damage.
The orc priest calls upon Beogh to heal the orc wizard.
The orc wizard's wounds heal themselves!
The orc priest hits you with a +0 hand axe.
The orc wizard attacks as you move away!
The orc wizard hits you but does no damage.
You shoot an arrow.
The arrow closely misses the orc wizard.
The arrow hits the orc priest.
The orc priest is moderately wounded.
The orc wizard gestures at you while chanting.
You are confused.
The orc priest mumbles some strange prayers to Beogh against you.
Beogh smites you! The orc wizard closely misses you.
You are too injured to fight recklessly!
You bump into the rock wall.
The orc wizard gestures at you while chanting.
You are more confused.
The orc wizard points at you and mumbles some strange words.
You resist with some effort. The orc wizard casts a spell at you.
The puff of flame hits you.
You bump into the rock wall.
The orc wizard gestures at you while chanting.
You resist with some effort.
Unknown command.
You bump into the rock wall.
An orc wizard comes into view. It is wielding a +0 dagger.
The orc wizard shouts!
The orc wizard points at you and mumbles some strange words.
The magic dart hits you!
* * * LOW HITPOINT WARNING * * *
The orc wizard casts a spell at you. The magic dart hits you!
You die...

#.#.## #####.#..#
#...o<...#
#o######.######### #o#
#............. #.#
#o###.######## #.#
#.#.......# #.#
#o#.##.##.# ##.##@#
#.#.##.##.#
........###.#.##.##.#
.###.#......#.##.##.#
# #......#.##....#
..........#.####..#
##.#...o.##.##########
...............#.~~~~~
...######........~~÷~.
... .o.....÷.~÷~~~


You could see an orc priest and 2 orc wizards.

Vanquished Creatures
  A kobold brigand (Sewer)
  3 gnolls (D:2)
  4 adders
  2 worms
  A dart slug (D:2)
  An orc (D:2)
  3 endoplasms
  2 giant cockroaches (D:3)
  4 hobgoblins
  3 quokkas (D:3)
  5 ball pythons
  4 bats
  3 frilled lizards
  6 goblins
  7 kobolds
  7 rats
56 creatures vanquished.

Notes
Turn   | Place    | Note
-------+----------+-------------------------------------------
     0 | D:1      | CoinPitGoblin the Demigod Hunter began the quest for the
                  | Orb.
     0 | D:1      | Reached XP level 1. HP: 17/17 MP: 3/3
   466 | D:1      | Reached XP level 2. HP: 24/24 MP: 4/4
   614 | D:1      | Found Saluamn's Book Shoppe.
   922 | D:2      | Reached skill level 4 in Ranged Weapons
   934 | D:2      | Reached XP level 3. HP: 24/29 MP: 5/5
  1743 | D:3      | Noticed Robin
  1952 | D:3      | Found a glowing drain.
  1964 | D:3      | Reached XP level 4. HP: 36/37 MP: 6/6
  1974 | Sewer    | Entered a sewer
  2040 | Sewer    | Reached skill level 5 in Ranged Weapons
  2099 | Sewer    | Noticed a kobold brigand
  2112 | Sewer    | Killed a kobold brigand
  2113 | Sewer    | Reached XP level 5. HP: 18/42 MP: 7/7
  2537 | D:3      | Killed from afar by an orc wizard

Illustrated notes

Levels and vault maps discovered:
D:1:      sevenhm_arrival_forest_fort_small_6, layout_basic, serial_shops,
          shop_fountains, shapermc_ecumenical_altar_starsandcircs
D:2:      layout_basic
D:3:      layout_basic, portal_sewer_entry_f, kennysheep_decorative_pillar,
          kennysheep_minor_cross, uniq_robin

Skill      XL: |  1  2  3  4 |
---------------+-------------+-----
Fighting       | 2 |  2.7
Ranged Weapons | 4 5 |  5.5
Dodging        | 2 |  2.1
Armour         | |  0.4
Stealth        | |  0.8

Action                     |  1- 3 |  4- 6 || total
---------------------------+-------+-------++-------
   Fire: Shortbow          |   102 |    61 ||   163
  Throw: Dart              |       |     4 ||     4
    Use: Scroll            |     4 |       ||     4
 Armour: Leather armour    |    10 |    10 ||    20
  Dodge: Dodged            |    31 |    18 ||    49

Table legend: (Time is in decaauts)
 A = Elapsed time spent in this place.
 B = Non-inter-level travel time spent in this place.
 C = Inter-level travel time spent in this place.
 D = Time resting spent in this place.
 E = Time spent auto-exploring this place.
 F = Levels seen in this place.
 G = Mean time per level.
                   A        B        C        D        E       F      G
               +--------+--------+--------+--------+--------+-----+--------+
         Total |   2647 |   2310 |    337 |     80 |   1823 |   4 |  661.8 |
       Dungeon |   2199 |   1862 |    337 |     80 |   1466 |   3 |  733.0 |
         Sewer |    447 |    447 |      0 |      0 |    357 |   1 |  447.0 |
               +--------+--------+--------+--------+--------+-----+--------+

Top non-repeatable levels by time:
     D:2: 1076 daAuts
     D:1: 848 daAuts
   Sewer: 447 daAuts
     D:3: 274 daAuts
